 Dungeon Crawl Stone Soup version 0.24-a0-585-g5c5dc1b5cb (webtiles) character file.

Game seed: 16600598542063710700, levelgen mode: deterministic

96271 Argons the Imperceptible (level 15, -1/77 HPs)
             Began as a Felid Warper on Sept 7, 2019.
             Was the Champion of Dithmenos.
             Hit by a large rock thrown by a stone giant (47 damage)
             ... on level 2 of the Depths.
             The game lasted 04:48:28 (61821 turns).

Argons the Imperceptible (Felid Warper)            Turns: 61821, Time: 04:48:28

Health: -1/77      AC:  3    Str:  7    XL:     15   Next: 68%
Magic:  23/23      EV: 33    Int: 15    God:    Dithmenos [******]
Gold:   1023       SH:  0    Dex: 22    Spells: 10/24 levels left
                                        Lives:  0   Deaths: 3

rFire    . . .     SeeInvis +     - Unarmed
rCold    + . .     Gourm    .   (shield unavailable)
rNeg     . . .     Faith    .   (armour unavailable)
rPois    .         Spirit   .   (helmet unavailable)
rElec    .         Reflect  .   (cloak unavailable)
rCorr    .         Harm     .   (gloves unavailable)
MR       +++..     Clarity  +   (boots unavailable)
Stlth    ++++++++++             (no amulet)
HPRegen  0.22/turn              E - ring of protection from magic
MPRegen  0.18/turn              w - +3 ring of slaying

@: wreathed by umbra, quick
A: very small, no armour, no weapons or thrown items, stealth, claws 1, fangs 3,
horns 1, see invisible, carnivore, clarity, speed 1, shaggy fur 3, slow
metabolism 1, subdued magic 1, sharp paws
a: Shadow Step, Shadow Form, Renounce Religion


You were on level 2 of the Depths.
You worshipped Dithmenos.
Dithmenos was exalted by your worship.
You were not hungry.

You visited 8 branches of the dungeon, and saw 31 of its levels.

You collected 3131 gold pieces.
You spent 2108 gold pieces at shops.

Inventory:

Jewellery
 j - an uncursed ring of ice
 n - an uncursed ring of protection from fire
 u - an uncursed ring of fire
 w - a +3 ring of slaying (right paw)
 x - a +6 ring of dexterity
 E - a ring of protection from magic (left paw)
 H - an uncursed ring of ice
 J - an uncursed ring of stealth
Wands
 a - a wand of flame (41)
 k - a wand of digging (11)
 r - a wand of polymorph (15)
 y - a wand of random effects (40)
 z - a wand of acid (27)
 L - a wand of iceblast (1)
 P - a wand of paralysis (10)
Scrolls
 d - a scroll of blinking
 g - 15 scrolls of amnesia
 m - 3 scrolls of fog
 q - 17 scrolls of remove curse
 v - 8 scrolls of teleportation
 A - a scroll of silence
 B - 2 scrolls of acquirement
 D - 4 scrolls of vulnerability
 I - 3 scrolls of fear
 M - 2 scrolls of magic mapping
 N - 4 scrolls of identify
Potions
 b - 2 potions of resistance
 e - 2 potions of heal wounds
 f - 2 potions of invisibility
 h - 9 potions of haste
 i - 4 potions of mutation
 l - 4 potions of flight
 o - 13 potions of curing
 p - 3 potions of cancellation
 s - 4 potions of might
 t - a potion of berserk rage
 C - 3 potions of brilliance
 G - 3 potions of lignification
 K - a potion of magic
 O - 2 potions of agility
Comestibles
 c - 41 rations


   Skills:
 - Level 15.0 Fighting
 - Level 15.0 Dodging
 + Level 23.8 Stealth
 - Level 15.0 Unarmed Combat
 - Level 5.0 Spellcasting
 - Level 15.2 Hexes
 - Level 4.4 Translocations


You had 10 spell levels left.
You knew the following spells:

 Your Spells              Type           Power        Failure   Level  Hunger
a - Shroud of Golubria    Chrm/Tloc      #.....       8%          2    ##.....
b - Blink                 Tloc           N/A          3%          2    ##.....
c - Confusing Touch       Hex            #####.       0%          1    None
d - Confuse               Hex            #####...     1%          3    ###....
e - Invisibility          Hex            #####...     3%          6    #######

Your spell library contained the following spells:

 Spells                   Type           Power        Failure   Level  Hunger
 Apportation              Tloc           ##....       1%          1    None
 Dazzling Spray           Conj/Hex       ###...       1%          3    ###....
 Summon Guardian Golem    Hex/Summ       ###.....     1%          3    ###....
 Tukima's Dance           Hex            #####...     1%          3    ###....
 Fulminant Prism          Conj/Hex       ###.......   5%          4    ####...
 Gell's Gravitas          Tloc           ##........   7%          3    ###....
 Lesser Beckoning         Tloc           ##........   7%          3    ###....
 Teleport Other           Tloc           ##......     7%          3    ###....
 Infusion                 Chrm           #...         13%         1    None
 Magic Dart               Conj           #...         13%         1    None
 Sandblast                Erth           #.....       13%         1    None
 Summon Butterflies       Summ           #.......     13%         1    None
 Summon Small Mammal      Summ           #...         13%         1    None
 Metabolic Englaciation   Hex/Ice        ###.......   17%         5    ######.
 Yara's Violent Unravell  Hex/Tmut       ###.......   17%         5    ######.
 Call Imp                 Summ           #.......     21%         2    ##.....
 Passwall                 Tmut/Erth      #.......     21%         2    ##.....
 Searing Ray              Conj           #.....       21%         2    ##.....
 Song of Slaying          Chrm           #.......     21%         2    ##.....
 Passage of Golubria      Tloc           N/A          22%         4    ####...
 Call Canine Familiar     Summ           #.......     38%         3    ###....
 Regeneration             Chrm/Necr      #.........   38%         3    ###....
 Stone Arrow              Conj/Erth      #.....       38%         3    ###....
 Force Lance              Conj/Tloc      #.......     50%         4    ####...
 Iskenderun's Mystic Bla  Conj           #.......     82%         4    ####...
 Petrify                  Tmut/Erth      #.......     82%         4    ####...
 Summon Ice Beast         Ice/Summ       #.......     82%         4    ####...
 Summon Lightning Spire   Summ/Air       #.......     82%         4    ####...
 Alistair's Intoxication  Tmut/Pois      #.......     99%         5    ######.
 Lee's Rapid Deconstruct  Erth           #.........   99%         5    ######.
 Spectral Weapon          Hex/Chrm       Unusable     N/A         3    N/A

Dungeon Overview and Level Annotations

Branches:
Dungeon (15/15)            Temple (1/1) D:4            Lair (6/6) D:9
 Shoals (1/4) Lair:2        Snake (2/4) Lair:3        Slime (0/5) Lair:5
    Orc (2/2) D:11            Elf (1/3) Orc:2        Vaults (0/5) D:13
 Depths (3/5) D:15

Altars:
Ashenzari
Cheibriados
Dithmenos
Elyvilon
Fedhas
Gozag
Hepliaklqana
Kikubaaqudgha
Makhleb
Nemelex Xobeh
Okawaru
Qazlal
Ru
Sif Muna
Trog
Uskayaw
Vehumet
Wu Jian
Xom
Yredelemnul
Zin
The Shining One
Beogh
Jiyva

Shops:
D:6 ?   Orc:1 (*:?   Orc:2 [?[!   Snake:1 [

Portals:
Hell: Depths:1 Depths:2
Pandemonium: Depths:2

Annotations:
D:6 scrolls
D:8 1 runed translucent door
Snake:2 Aizul


Innate Abilities, Weirdness & Mutations

You cannot wear armour.
You are incapable of wielding weapons or throwing items.
Your paws allow you to move quietly. (Stealth)
You have sharp claws.
You have razor-sharp teeth.
You have supernaturally acute eyesight. (SInv)
You are carnivorous and can eat meat at any time.
You cover ground quickly.
Your thick and shaggy fur keeps you warm. (AC +3, rC+)
You have a slow metabolism.
Your sharp claws are effective at attacking unaware monsters.
You have a pair of small horns on your head.
You possess an exceptional clarity of mind.
Your spells are a little easier to cast, but a little less powerful.


Message History

Your magical contamination has completely faded away.
You start resting.
HP restored.
The great orb of eyes is too close now for your liking.
A stone giant comes into view.
There is an open door here.
A stone giant comes into view.
There is a stone staircase leading down here.
The helpless great orb of eyes fails to defend itself.
You eviscerate the great orb of eyes!!!!!!
You kill the great orb of eyes!
Dithmenos accepts your kill.
The stone giant shouts!
The stone giant misses you.
The stone giant throws a large rock.
The large rock hits you!!
You emit a cloud of dark smoke.
You see here a large rock.
The stone giant throws a large rock.
The large rock hits you!!!
Ouch! That really hurt!
You die...

######## #§§C§§§#
#§§§§§§# ###
#§§§§.§###############..
#§§§§$>@................
#§§§...###############.#
###..C... ..... #..
#.##.##. .c....###.
###... . ......'.'. .#.#
......###. .. .. R.###
#. .. .. ##


You could see 2 stone giants.

Vanquished Creatures
  Vashnia (Snake:2)
  A hellephant (Depths:2)
  A lich (Depths:2)
  Rupert (Lair:4)
  Jorgrun (Snake:1)
  Gastronok (Lair:3)
  Agnes (Elf:1)
  A shadow dragon (Depths:2)
  2 frost giants
  A fire giant (Depths:1)
  2 very ugly things (Depths:1)
  A spriggan defender (Depths:2)
  2 stone giants
  5 dire elephants (Depths:2)
  4 spark wasps (Depths:1)
  Snorg (D:11)
  A deep elf death mage (Elf:1)
  A merfolk impaler (Depths:1)
  2 ettins
  A yaktaur captain (D:15)
  An ogre mage (Depths:1)
  2 fire dragons
  2 great orbs of eyes
  A naga warrior (Snake:1)
  2 ice dragons (Depths:1)
  2 rakshasas
  11 hydras
  A deep elf high priest (Elf:1)
  5 vault guards
  Fannar (Lair:2)
  A satyr (shapeshifter) (D:15)
  14 two-headed ogres
  6 centaur warriors
  3 catoblepae (Lair:6)
  9 anacondas
  2 dancing weapons (Elf:1)
  7 death yaks (Lair:6)
  2 deep troll earth magi (Depths:1)
  Urug (D:12)
  5 orc high priests
  Sonja (Orc:1)
  5 naga sharpshooters
  A shock serpent (Snake:1)
  2 deep elf knights (Elf:1)
  4 deep trolls
  A glowing orange brain (Depths:2)
  3 sea snakes (Snake:1)
  3 naga ritualists (Snake:1)
  A flayed ghost (Depths:2)
  2 unseen horrors (D:15)
  5 deep elf archers (Elf:1)
  4 orc knights
  A harpy (shapeshifter) (Depths:1)
  2 necromancers
  A wolf spider zombie (D:12)
  A mana viper (shapeshifter) (Depths:1)
  4 oklob plants (Lair:4)
  An orb spider (shapeshifter) (Elf:1)
  2 orc sorcerers
  4 mana vipers (Snake:1)
  An iron dragon zombie (Depths:3)
  4 manticores
  4 cyclopes
  16 ugly things
  A cyclops (shapeshifter) (Depths:1)
  27 deep elf magi
  A salamander (Snake:1)
  A sphinx skeleton (Depths:3)
  21 black mambas
  17 elephants
  An iron dragon skeleton (Depths:3)
  A stone giant skeleton (Depths:1)
  A guardian serpent (Snake:1)
  A gargoyle (D:13)
  A rust devil (Depths:1)
  A torpor snail (Lair:4)
  20 spiny frogs
  8 komodo dragons
  2 kobold demonologists (D:14)
  2 rime drakes
  A hellwing (Depths:1)
  A komodo dragon (shapeshifter) (Elf:1)
  11 yaktaurs
  A freezing wraith (D:14)
  A tengu conjurer (D:13)
  2 polar bears
  22 blink frogs
  6 trolls
  8 slime creatures
  6 dream sheep
  7 hippogriffs
  A fire dragon zombie (Depths:1)
  A hippogriff (shapeshifter) (D:14)
  A deep troll zombie (Depths:1)
  A centaur simulacrum (D:15)
  A ynoxinul (Depths:2)
  3 wyverns
  A human (D:13)
  A wraith (D:14)
  25 yaks
  A vampire (D:15)
  5 basilisks
  3 hogs (D:12)
  Sigmund (D:3)
  3 water elementals
  A golden eye (shapeshifter) (D:13)
  5 hungry ghosts
  A neqoxec (Depths:2)
  A two-headed ogre zombie (D:11)
  9 nagas
  4 wargs
  A soldier ant (shapeshifter) (Depths:1)
  An acid dragon (D:14)
  A soldier ant (D:12)
  18 water moccasins
  10 porcupines
  5 sky beasts
  9 ice beasts
  A phantom (D:11)
  2 black bears
  An ice dragon simulacrum (Depths:1)
  24 orc warriors
  19 ogres
  9 boggarts (Depths:1)
  2 eyes of draining
  15 wolves
  10 crocodiles
  10 centaurs
  2 big kobolds
  23 bullfrogs
  An earth elemental (Elf:1)
  A water moccasin zombie (D:9)
  A wyvern skeleton (D:9)
  5 scorpions
  A troll zombie (D:11)
  6 killer bees (D:13)
  10 wights
  A howler monkey (D:6)
  2 bullfrog zombies (D:13)
  9 crimson imps
  3 centaur zombies
  7 hounds
  6 jellies
  46 orc priests
  2 bullfrog skeletons
  An iron imp (Depths:1)
  16 orc wizards
  7 centaur skeletons
  An iguana (D:13)
  Jessica (D:3)
  9 hell rats
  11 worker ants
  6 ogre zombies (D:11)
  A hound skeleton (D:4)
  A howler monkey zombie (D:5)
  2 worker ant zombies
  A howler monkey skeleton (D:9)
  16 adders
  3 gnolls (D:2)
  2 shadow imps
  2 oozes
  2 adder zombies (D:5)
  2 adder skeletons
  4 worms
  A dart slug (D:2)
  5 leopard geckos
  86 orcs
  7 giant cockroaches
  8 goblins
  7 hobgoblins
  4 jackals (D:1)
  5 quokkas
  5 ball pythons
  7 bats
  9 frilled lizards
  A giant cockroach zombie (D:6)
  2 goblin skeletons (D:11)
  A goblin zombie (D:11)
  A hobgoblin skeleton (D:11)
  3 hobgoblin zombies (D:11)
  12 kobolds
  An orc skeleton (D:11)
  17 orc zombies (D:11)
  A quokka skeleton (D:5)
  A quokka zombie (D:8)
  3 rats
  A fungus (Lair:4)
963 creatures vanquished.

Vanquished Creatures (others)
  Kirke (D:11)
  A fire elemental (Elf:1)
  A human (D:12)
  121 fungi
  84 plants
208 creatures vanquished.

Grand Total: 1171 creatures vanquished

Notes
Turn   | Place    | Note
-------+----------+-------------------------------------------
     0 | D:1      | Argons the Felid Warper began the quest for the Orb.
     0 | D:1      | Reached XP level 1. HP: 9/9 MP: 4/4
   455 | D:1      | Reached skill level 1 in Stealth
   563 | D:1      | Reached XP level 2. HP: 13/13 MP: 6/6
   567 | D:1      | Learned a level 2 spell: Shroud of Golubria
   570 | D:1      | Learned a level 2 spell: Blink
  1174 | D:1      | Reached skill level 2 in Stealth
  1366 | D:1      | Reached XP level 3. HP: 14/16 MP: 7/7
  2829 | D:3      | Noticed Jessica
  2868 | D:3      | Reached XP level 4. HP: 18/21 MP: 8/8
  3198 | D:2      | Reached skill level 3 in Stealth
  4967 | D:4      | Noticed an ogre
  5308 | D:4      | Found a staircase to the Ecumenical Temple.
  5317 | Temple   | Entered the Ecumenical Temple
  5616 | D:4      | Reached XP level 5. HP: 24/24 MP: 9/9
  5969 | D:4      | Reached skill level 4 in Stealth
  6135 | D:4      | Noticed an ogre
  6202 | D:3      | Noticed Sigmund
  6318 | D:3      | Found a snail-covered altar of Cheibriados.
  6318 | D:3      | Found a burning altar of Makhleb.
  6319 | D:3      | Found an ancient bone altar of Kikubaaqudgha.
  6344 | D:3      | Found a shattered altar of Ashenzari.
  6353 | D:3      | Killed Jessica
  6902 | D:5      | Entered Level 5 of the Dungeon
  6987 | D:4      | Gained mutation: You are covered in thick fur. (AC +2)
                  | [Felid growth]
  6987 | D:4      | Reached XP level 6. HP: 27/28 MP: 1/10
  7202 | D:4      | Reached skill level 5 in Stealth
  7728 | D:6      | Found Cuss's Magic Scroll Shop.
  7806 | D:6      | Found a sparkling altar of Nemelex Xobeh.
  7915 | D:6      | Reached skill level 6 in Stealth
  7915 | D:6      | Reached XP level 7. HP: 24/33 MP: 11/11
  8472 | D:4      | Reached skill level 5 in Fighting
  8472 | D:4      | Reached skill level 5 in Unarmed Combat
  8577 | D:4      | Found a shadowy altar of Dithmenos.
  8630 | D:4      | Became a worshipper of Dithmenos the Shadowed
  8904 | D:4      | Found an ornate altar of the Wu Jian Council.
  9328 | D:5      | Reached skill level 7 in Stealth
  9599 | D:6      | Found a white marble altar of Elyvilon.
  9694 | D:6      | Found a burning altar of Makhleb.
  9911 | D:6      | Reached skill level 5 in Dodging
  9911 | D:6      | Reached XP level 8. HP: 37/37 MP: 12/12
 10146 | D:6      | Reached skill level 8 in Stealth
 10571 | D:5      | Reached skill level 9 in Stealth
 10935 | D:4      | Reached * piety under Dithmenos
 11190 | D:3      | Killed Sigmund
 11190 | D:3      | Reached skill level 10 in Stealth
 11654 | D:6      | Reached XP level 9. HP: 40/40 MP: 13/13
 12259 | D:7      | Found a basalt altar of Yredelemnul.
 12540 | D:7      | Reached skill level 11 in Stealth
 13050 | D:8      | Found a glowing golden altar of the Shining One.
 13051 | D:8      | Found a runed translucent door.
 13051 | D:8      | Noticed an angel
 13359 | D:9      | Reached ** piety under Dithmenos
 13786 | D:9      | Reached skill level 12 in Stealth
 13933 | D:9      | Noticed a komodo dragon
 13970 | D:9      | Found a sacrificial altar of Ru.
 13971 | D:9      | Found a hide-covered altar of Uskayaw.
 13972 | D:9      | Found a radiant altar of Vehumet.
 14010 | D:9      | Reached XP level 10. HP: 47/47 MP: 12/14
 14373 | D:9      | Learned a level 1 spell: Confusing Touch
 14377 | D:9      | Learned a level 3 spell: Confuse
 14407 | D:9      | Found a bloodstained altar of Trog.
 14738 | D:9      | Found a staircase to the Lair.
 15172 | D:9      | Reached skill level 13 in Stealth
 16183 | D:9      | Noticed a deep troll
 16183 | D:9      | Noticed an orc knight
 16185 | D:9      | Killed an orc knight
 16187 | D:9      | Killed a deep troll
 16615 | D:10     | Entered Level 10 of the Dungeon
 16695 | D:10     | Noticed a cyclops
 16698 | D:10     | Killed a cyclops
 16698 | D:10     | Reached skill level 14 in Stealth
 16698 | D:10     | Reached XP level 11. HP: 53/53 MP: 15/15
 16778 | Lair:1   | Entered Level 1 of the Lair of Beasts
 16831 | Lair:1   | Reached *** piety under Dithmenos
 16967 | Lair:1   | You fall into a shaft and drop 1 floor!
 17108 | Lair:2   | Noticed a seven-headed hydra
 17269 | Lair:2   | Noticed an eight-headed hydra
 17356 | Lair:1   | Noticed a four-headed hydra
 17362 | Lair:1   | Killed a four-headed hydra
 17393 | Lair:1   | Found a blossoming altar of Fedhas.
 17558 | Lair:1   | Reached skill level 15 in Stealth
 17562 | Lair:1   | Reached skill level 10 in Fighting
 17562 | Lair:1   | Reached skill level 10 in Unarmed Combat
 17562 | Lair:1   | Reached skill level 1 in Hexes
 18180 | Lair:2   | Noticed an eight-headed hydra
 18189 | Lair:2   | Killed a seven-headed hydra
 18195 | Lair:2   | Killed an eight-headed hydra
 18195 | Lair:2   | Reached skill level 5 in Hexes
 18695 | Lair:2   | Killed an eight-headed hydra
 18695 | Lair:2   | Reached skill level 10 in Dodging
 18695 | Lair:2   | Gained mutation: Your thick and shaggy fur keeps you warm.
                  | (AC +3, rC+) [Felid growth]
 18695 | Lair:2   | Reached XP level 12. HP: 58/58 MP: 4/16
 19069 | Lair:2   | Found a staircase to the Shoals.
 19071 | Lair:2   | Noticed a six-headed hydra
 19124 | Lair:2   | Noticed Fannar
 19366 | Lair:1   | Reached **** piety under Dithmenos
 19752 | D:10     | Noticed a two-headed ogre
 19973 | D:10     | Noticed a two-headed ogre
 20429 | D:10     | Killed a two-headed ogre
 20589 | D:10     | Killed a two-headed ogre
 21917 | Lair:2   | Killed a six-headed hydra
 22012 | Lair:3   | Noticed Gastronok
 22022 | Lair:3   | Noticed a six-headed hydra
 22029 | Lair:3   | Killed a six-headed hydra
 22029 | Lair:3   | Reached skill level 16 in Stealth
 22158 | Lair:3   | Found a staircase to the Snake Pit.
 22728 | Lair:4   | Noticed a five-headed hydra
 22734 | Lair:4   | Reached ***** piety under Dithmenos
 22739 | Lair:4   | Killed a five-headed hydra
 22811 | Lair:4   | Reached XP level 13. HP: 63/63 MP: 17/17
 23649 | Lair:4   | Noticed Rupert
 23848 | Lair:1   | Reached skill level 17 in Stealth
 24031 | D:12     | Noticed Kirke
 24587 | D:11     | Found a staircase to the Orcish Mines.
 25587 | D:11     | Killed Kirke
 25733 | Orc:1    | Entered Level 1 of the Orcish Mines
 26024 | D:12     | Noticed Snorg
 26764 | D:11     | Mangled by a water moccasin
 26765 | D:11     | Reached XP level 12. HP: -6/61 MP: 12/16
 26777 | D:11     | Killed Snorg
 27220 | D:11     | Killed an orc high priest
 28502 | D:12     | Noticed Urug
 28549 | D:12     | Reached skill level 18 in Stealth
 28884 | D:12     | Noticed a centaur warrior
 28885 | D:12     | Noticed a two-headed ogre
 28887 | D:12     | Killed a two-headed ogre
 28888 | D:12     | Killed a centaur warrior
 29121 | D:13     | Noticed a six-headed hydra
 29127 | D:13     | Killed a six-headed hydra
 29127 | D:13     | Reached XP level 13. HP: 64/64 MP: 17/17
 30609 | D:15     | Entered Level 15 of the Dungeon
 31182 | Orc:1    | Found Voyseis's Assorted Antiques.
 31208 | Orc:1    | Reached ****** piety under Dithmenos
 31212 | Orc:1    | Found Apezxiqe's Book Shop.
 31509 | Orc:1    | Bought a potion of cancellation for 216 gold pieces
 31509 | Orc:1    | Bought a glass wand for 108 gold pieces
 31509 | Orc:1    | Bought a potion of haste for 270 gold pieces
 31532 | Orc:1    | Found Xautiapn's Magic Scroll Boutique.
 31533 | Orc:1    | Noticed Sonja
 31818 | Orc:1    | Killed Sonja
 31818 | Orc:1    | Reached skill level 19 in Stealth
 31850 | Orc:1    | Bought a scroll of magic mapping for 49 gold pieces
 31945 | Orc:2    | Entered Level 2 of the Orcish Mines
 32168 | Orc:1    | Found Retu's Antique Weapon Shop.
 32520 | Orc:2    | Found a staircase to the Elven Halls.
 33229 | Lair:2   | Killed Fannar
 33266 | Lair:3   | Killed Gastronok
 34424 | Lair:5   | Found a viscous altar of Jiyva.
 34424 | Lair:5   | Found a staircase to the Slime Pits.
 34612 | Lair:6   | Entered Level 6 of the Lair of Beasts
 34777 | Lair:6   | Identified 2 scrolls of acquirement
 34799 | Lair:6   | Reached skill level 20 in Stealth
 34799 | Lair:6   | Reached XP level 14. HP: 69/69 MP: 18/18
 39553 | Orc:2    | Found a roughly hewn altar of Beogh.
 39771 | Orc:2    | Found Buet's Distillery.
 39771 | Orc:2    | Found Rasepith's Armour Shop.
 39786 | Orc:2    | Bought a potion of invisibility for 136 gold pieces
 39786 | Orc:2    | Bought a potion of curing for 51 gold pieces
 39786 | Orc:2    | Bought a potion of might for 68 gold pieces
 39786 | Orc:2    | Bought a potion of curing for 51 gold pieces
 39786 | Orc:2    | Bought a potion of haste for 170 gold pieces
 39786 | Orc:2    | Bought a potion of agility for 68 gold pieces
 39786 | Orc:2    | Bought a potion of resistance for 170 gold pieces
 39786 | Orc:2    | Bought a potion of curing for 51 gold pieces
 39899 | Orc:2    | Reached skill level 5 in Spellcasting
 39916 | Orc:2    | Found Melapi Boch's Antique Armour Shop.
 39916 | Orc:2    | Found Ziduha Jasou's Magic Scroll Shoppe.
 40422 | Elf:1    | Entered Level 1 of the Elven Halls
 42232 | D:13     | Found a gate to the Vaults.
 42648 | D:15     | Reached XP level 15. HP: 74/74 MP: 23/23
 43127 | D:15     | Found a staircase to the Depths.
 43159 | Depths:1 | Entered Level 1 of the Depths
 43169 | Depths:1 | Noticed a frost giant
 43496 | Snake:1  | Entered Level 1 of the Snake Pit
 43845 | Snake:1  | Found Waoczoxt's Armour Shop.
 43848 | Snake:1  | Reached skill level 10 in Hexes
 45743 | Snake:1  | Noticed Jorgrun
 45744 | Snake:1  | Killed Jorgrun
 46823 | Snake:2  | Noticed Vashnia
 47190 | D:15     | Killed a frost giant
 48603 | Orc:1    | Bought a book of Party Tricks for 700 gold pieces
 48610 | Orc:1    | Learned a level 6 spell: Invisibility
 48738 | Shoals:1 | Entered Level 1 of the Shoals
 49143 | Depths:1 | Noticed a frost giant
 49821 | Depths:1 | Reached XP level 16. HP: 80/80 MP: 24/24
 51255 | Depths:1 | Reached skill level 15 in Fighting
 51255 | Depths:1 | Reached skill level 15 in Unarmed Combat
 51763 | Depths:2 | Noticed a shadow dragon
 51766 | Depths:2 | Killed a shadow dragon
 52660 | Depths:1 | Found a gateway to Hell.
 53849 | Depths:1 | Reached skill level 15 in Dodging
 54014 | Depths:2 | Noticed a lich
 54514 | Snake:2  | Killed Vashnia
 54517 | Snake:2  | Reached skill level 15 in Hexes
 55032 | Snake:2  | Noticed Aizul
 55736 | Lair:4   | Killed Rupert
 56118 | D:12     | Killed Urug
 56118 | D:12     | Reached skill level 21 in Stealth
 56460 | Elf:1    | Found an ancient bone altar of Kikubaaqudgha.
 56739 | Elf:1    | Noticed Agnes
 56742 | Elf:1    | Killed Agnes
 56742 | Elf:1    | Reached XP level 17. HP: 85/85 MP: 25/25
 57027 | Elf:1    | Reached skill level 22 in Stealth
 57652 | Depths:2 | Mangled by a purple very ugly thing
 57653 | Depths:2 | Reached XP level 16. HP: -13/81 MP: 24/24
 58410 | Depths:2 | Found a one-way gate leading to the halls of Pandemonium.
 58541 | Depths:2 | Gained mutation: You occasionally shout uncontrollably at
                  | your foes. [a neqoxec]
 58554 | Depths:2 | Gained mutation: Your spells are a little easier to cast,
                  | but a little less powerful. [a neqoxec]
 58557 | Depths:1 | Lost mutation: You occasionally shout uncontrollably at
                  | your foes. [potion of mutation]
 58557 | Depths:1 | Gained mutation: You possess an exceptional clarity of
                  | mind. [potion of mutation]
 58557 | Depths:1 | Gained mutation: You have a pair of small horns on your
                  | head. [potion of mutation]
 58557 | Depths:1 | Lost mutation: Your spells are a little easier to cast, but
                  | a little less powerful. [potion of mutation]
 58734 | Depths:2 | Killed a lich
 59154 | Depths:2 | Reached skill level 23 in Stealth
 60364 | Depths:2 | Noticed a hellephant
 60827 | Depths:2 | Killed a hellephant
 61562 | Depths:2 | Slain by an ettin
 61563 | Depths:2 | Reached XP level 15. HP: -2/77 MP: 22/23
 61571 | Depths:2 | Gained mutation: Your spells are a little easier to cast,
                  | but a little less powerful. [a cacodemon]
 61821 | Depths:2 | Hit by a large rock thrown by a stone giant

Levels and vault maps discovered:
D:1:      minmay_arrival_loop, layout_basic, minmay_misc_feat_secret_circle,
          minmay_tromino_v2
D:2:      layout_basic, minmay_misc_feat_chi, chequers_mini_garden
D:3:      layout_basic, gammafunk_temple_overflow_claw, marbit_many_paths,
          first_ration, uniq_jessica, uniq_sigmund
D:4:      layout_layer_cave, grunt_dithmenos_smoke,
          lemuel_coloured_pillars_altar, minmay_temple_entry_slanted
D:5:      layout_basic
D:6:      layout_basic, nemelex_xobeh_ov_fountains_minmay, elyvilon_altar_5,
          serial_shops, shop_fountains, basic_altar
D:7:      layout_cave_pools, yredelemnul_altar_generic
D:8:      layout_basic, lemuel_angel_altar
D:9:      minmay_shrinking_squares, layout_basic, kennysheep_little_box,
          chequers_temple_overflow_statue_of_worship,
          due_lair_maze_entry_diamond, blue_anna_alchemist
          [blue_anna_fruit_fields, blue_anna_fruit_fields]
D:10:     layout_long_grid
D:11:     layout_roguey, zombieorc2_lemuel
D:12:     wad_woods_tower, layout_irregular_city,
          portal_ice_cave_entry_ice_beasts, uniq_snorg, uniq_urug, uniq_kirke
D:13:     layout_loops_ring, grunt_vaults_entry_fortified
D:14:     layout_roguey
D:15:     grunt_enter_depths_snipers, layout_irregular_city, hex_tiny
Temple:   compressed_dpeg_triangle_lava_temple
Lair:1:   layout_big_grid, basic_altar, grunt_megastairs_3
Lair:2:   layout_gridlike, shoals_dummy_entry, nicolae_volcano_entry_hallway,
          st_stairs_3, grunt_megastairs_1, uniq_fannar
Lair:3:   layout_regular_city, guppyfry_snake_entry_island, grunt_megastairs_4,
          serial_bayou_shore_a, uniq_gastronok
Lair:4:   layout_loops_ring, minmay_lair_oklob_chamber, grunt_megastairs_2,
          uniq_rupert
Lair:5:   layout_gridlike, dpeg_slime_entry_enclosed_altar,
          chequers_serial_rivers_large_b
Lair:6:   evilmike_catoblepas_cave, layout_regular_city
Shoals:1: layout_shoals, uniq_frances
Snake:1:  layout_chambers, serial_shops, shop, nicolae_snake_springs,
          uniq_jorgrun
Snake:2:  nicolae_snake_nest, layout_layer_cave, serial_shops, freezing_bzr,
          drop_trap, uniq_aizul, uniq_vashnia
Orc:1:    layout_diamond_mine, serial_shops, shop_fountains, shop, shop,
          shop_coins, uniq_sonja
Orc:2:    st_orc_town, layout_caves
Elf:1:    eino_elf_arrival_sip, layout_geoelf_octagon, basic_altar,
          kennysheep_underground_church, uniq_agnes
Depths:1: layout_basic, hangedman_decor_peaks_small, grunt_hell_entry_dis_mu,
          serial_glass, glass_columns_c, glass_columns_a,
          minmay_variable_closet, minmay_misc_feat_room, water_maze_lemuel
Depths:2: mu_elephants_graveyard, layout_basic, kennysheep_decorative_pillar,
          rand_demon_pan_entry_1, hangedman_tar_grid_catacomb
Depths:3: kennysheep_blocky_room, layout_cave_pools, enter_ziggurat_d,
          serial_bayou_pond_d, enter_trove_3, abyss_entry_flame_altar,
          rand_demon_pan_entry_8, lightli_too_deep,
          infiniplex_staircase_zigzag_1

Skill      XL: |  1  2  3  4  5  6  7  8  9 10 11 12 13 14 15 16 17 |
---------------+----------------------------------------------------+-----
Stealth        | 1 2 3 4 6 7 10 12 14 15 18 20 23 22 | 23.8
Fighting       | 3 4 5 7 9 10 11 12 13 14 15 | 15.0
Unarmed Combat | 3 4 5 7 9 10 11 12 13 14 15 | 15.0
Dodging        | 5 8 10 12 14 15 | 15.0
Hexes          | 6 7 8 12 15 | 15.2
Spellcasting   | 5 |  5.0
Translocations | |  4.4

Action                   |  1- 3 |  4- 6 |  7- 9 | 10-12 | 13-15 | 16-18 || total
-------------------------+-------+-------+-------+-------+-------+-------++-------
Melee: Unarmed           |   138 |   328 |   441 |   727 |  1575 |   443 ||  3652
       Bite              |    11 |    28 |    59 |   117 |   223 |    71 ||   509
       Punch             |     1 |     6 |    16 |    54 |   142 |    42 ||   261
       Headbutt          |       |       |       |       |       |    29 ||    29
 Cast: Shroud of Golubri |     5 |    21 |    17 |    27 |    53 |     9 ||   132
       Confuse           |       |       |       |    29 |    55 |    27 ||   111
       Invisibility      |       |       |       |       |     1 |    11 ||    12
       Confusing Touch   |       |       |       |       |       |     9 ||     9
Invok: Shadow Step       |       |       |       |       |     3 |       ||     3
Evoke: Wand              |       |       |       |    10 |       |    24 ||    34
  Use: Scroll            |     5 |     7 |     6 |     4 |    13 |       ||    35
       Potion            |       |     1 |     1 |     2 |       |     2 ||     6
 Stab: Sleeping          |    11 |    10 |    25 |    61 |   124 |    50 ||   281
       Distracted        |       |       |     2 |     7 |    27 |     9 ||    45
       Paralysed         |       |       |       |     2 |       |     1 ||     3
       Confused          |       |       |       |     9 |    26 |    19 ||    54
       Invisible         |       |       |       |     1 |       |    24 ||    25
       Petrified         |       |       |       |       |     2 |       ||     2
       Fleeing           |       |       |       |       |     1 |       ||     1
  Eat: Chunk             |    11 |    12 |    13 |    35 |    53 |    36 ||   160
Armor: Skin              |       |     7 |     9 |    11 |    17 |     3 ||    47
Dodge: Dodged            |   112 |   221 |   334 |   697 |  1299 |   332 ||  2995

Table legend:
 A = Non-vault XP
 B = Vault XP
 C = Vault XP percentage of total XP
 D = Non-vault monster count
 E = Vault monster count
 F = Vault count percentage of total count
                 A         B        C        D         E       F
            +---------+---------+-------+---------+---------+-------
      Total |  189804 |   91937 |  32.6 |     711 |     253 |  26.2
            +---------+---------+-------+---------+---------+-------
        D:1 |      46 |       3 |   6.1 |      25 |       2 |   7.4
        D:2 |     102 |       0 |   0.0 |      23 |       0 |   0.0
        D:3 |      66 |     235 |  78.1 |      22 |       3 |  12.0
        D:4 |     563 |       0 |   0.0 |      21 |       0 |   0.0
        D:5 |     799 |       0 |   0.0 |      28 |       0 |   0.0
        D:6 |    1063 |       0 |   0.0 |      17 |       0 |   0.0
        D:7 |     610 |       0 |   0.0 |      14 |       0 |   0.0
        D:8 |     877 |     217 |  19.8 |      13 |       2 |  13.3
        D:9 |    2539 |    4596 |  64.4 |      26 |      18 |  40.9
       D:10 |    3628 |       0 |   0.0 |      26 |       0 |   0.0
       D:11 |    5626 |    4753 |  45.8 |      27 |      45 |  62.5
       D:12 |    3395 |    4558 |  57.3 |      15 |      12 |  44.4
       D:13 |    4752 |    5535 |  53.8 |      30 |       9 |  23.1
       D:14 |    2170 |       0 |   0.0 |      15 |       0 |   0.0
       D:15 |   13321 |    2359 |  15.0 |      30 |       3 |   9.1
     Lair:1 |    5442 |    1895 |  25.8 |      25 |       4 |  13.8
     Lair:2 |    8155 |    1503 |  15.6 |      23 |       3 |  11.5
     Lair:3 |    5649 |    3311 |  37.0 |      22 |       7 |  24.1
     Lair:4 |    8156 |    7378 |  47.5 |      26 |      18 |  40.9
     Lair:5 |    5452 |       0 |   0.0 |      16 |       0 |   0.0
     Lair:6 |    9206 |   12058 |  56.7 |      29 |      23 |  44.2
   Shoals:1 |     255 |       0 |   0.0 |       1 |       0 |   0.0
    Snake:1 |   18135 |    8515 |  32.0 |      35 |      18 |  34.0
    Snake:2 |    2906 |    8444 |  74.4 |       5 |       5 |  50.0
      Orc:1 |    2243 |    1597 |  41.6 |      34 |       3 |   8.1
      Orc:2 |    4274 |    5268 |  55.2 |      43 |      56 |  56.6
      Elf:1 |   18090 |    7720 |  29.9 |      32 |      10 |  23.8
   Depths:1 |   38271 |     810 |   2.1 |      57 |       3 |   5.0
   Depths:2 |   19152 |   11182 |  36.9 |      22 |       9 |  29.0
   Depths:3 |    4861 |       0 |   0.0 |       9 |       0 |   0.0
            +---------+---------+-------+---------+---------+-------
